 Dungeon Crawl Stone Soup version 0.32-a0 (webtiles) character file.

Game seed: 3580574625542694261

50 James the Sneak (level 3, 0/17 HPs)
             Began as a Spriggan Enchanter on Jan 13, 2024.
             Slain by Crazy Yiuf
             ... wielding a +3 quarterstaff of chaos
              (17 damage)
             ... on level 2 of the Dungeon.
             The game lasted 00:03:48 (1462 turns).

James the Sneak (Spriggan Enchanter)                Turns: 1462, Time: 00:03:49

Health: 0/17       AC:  3    Str:  4    XL:     3   Next: 55%
Magic:  4/8        EV: 18    Int: 16    God:
Gold:   121        SH:  0    Dex: 17    Spells: 0/8 levels left

rFire   . . .        a - +1 dagger
rCold   . . .        (no shield)
rNeg    . . .        i - +0 robe
rPois   .            (helmet restricted)
rElec   .            h - +0 cloak
rCorr   .            (gloves unavailable)
SInv    +            (boots unavailable)
Will    .....        (no amulet)
Stlth   +++          (no ring)
HPRegen 0.22/turn    (no ring)
MPRegen 0.11/turn

%: no passive effects
@: very quick
A: very small, no large weapons, unfitting armour, see invisible, speed 3
a: no special abilities


You were on level 2 of the Dungeon.
You visited 1 branch of the dungeon, and saw 2 of its levels.

You collected 121 gold pieces.

Inventory:

Hand Weapons
 a - a +1 dagger (weapon)
 b - a +0 short sword
   (You took it off a kobold on level 1 of the Dungeon)
 n - a +0 falchion
   (You found it on level 2 of the Dungeon)
Missiles
 d - 22 stones (quivered)
 l - 6 datura-tipped darts
Armour
 g - a +0 robe
   (You found it on level 1 of the Dungeon)
 h - a +0 cloak (worn)
   (You found it on level 1 of the Dungeon)
 i - a +0 robe (worn)
 o - a +0 robe
   (You found it on level 2 of the Dungeon)
Wands
 t - a wand of flame (9)
   (You found it on level 2 of the Dungeon)
Scrolls
 e - a scroll of silence {unknown}
 j - 3 scrolls of revelation {unknown}
 m - a scroll of noise {unknown}
 p - a scroll of teleportation {unknown}
 q - a scroll of enchant armour {unknown}
Potions
 c - 2 potions of invisibility
 f - a potion of resistance {unknown}
 k - a potion of heal wounds {unknown}


   Skills:
 + Level 0.9 Fighting
 * Level 2.2 Short Blades
 - Level 3.0 Dodging
 + Level 4.8 Stealth
 - Level 3.0 Spellcasting
 + Level 3.9 Hexes
 + Level 0.4 Ice Magic


You couldn't memorise any spells.
You knew the following spells:

 Your Spells              Type           Power      Damage    Failure   Level
a - Confusing Touch       Hex            15%        N/A       11%         3
d - Tukima's Dance        Hex            15%        N/A       11%         3
x - Ensorcelled Hibernat  Hex/Ice        18%        N/A       12%         2

Your spell library contained the following spells:

 Spells                   Type           Power      Damage    Failure   Level
 Dazzling Flash           Conj/Hex       16%        N/A       26%         3
 Fugue of the Fallen      Necr           2%         N/A       50%         3
 Anguish                  Hex/Necr       4%         N/A       63%         4


Dungeon Overview and Level Annotations

Branches:
Dungeon (2/15)

Altars:

Annotations:
D:2 Crazy Yiuf


Innate Abilities, Weirdness & Mutations

You are very small and have problems with some larger weapons.
You are too small for most types of armour.
You have supernaturally acute eyesight. (SInv)
You cover ground extremely quickly. (Speed+++)


Message History

q - a scroll labelled ZEETUGR PYMA An endoplasm comes into view.
An endoplasm is nearby!
An adder comes into view.
The adder hisses angrily.
Press: ? - help, Shift-Dir - straight line, f - adder
Aim: an adder (chance to affect: 51%)
The adder looks drowsy...
The helpless adder fails to defend itself.
You impale the adder!!
You kill the adder!
You see here an adder corpse.
The endoplasm quivers.
You hit the endoplasm. The endoplasm freezes you.
You are frozen.
You hit the endoplasm.
You kill the endoplasm!
You see here an adder corpse.
A rat comes into view.
The rat squeaks loudly.
You hit the rat but do no damage. The rat misses you.
You barely miss the rat. The rat bites you.
You hit the rat. The rat barely misses you.
You hit the rat.
You kill the rat!
You see here a +0 leather armour.
You see here a +0 leather armour.
You see here a ball python skeleton.
You can't see any susceptible monsters within range! (Use Z to cast anyway.)
You open the door.
Press: ? - help, Shift-Dir - straight line, f - Crazy Yiuf
Aim: Crazy Yiuf, wielding a +3 quarterstaff of chaos, wearing a +0 cloak and carrying a wand of flame (wandering, hasn't noticed you, chance to affect: 51%) Crazy Yiuf looks drowsy...
There is an open translucent door here.
Crazy Yiuf shouts!
You hit Crazy Yiuf.
Crazy Yiuf says, "Orb!
Snower alas high."
Crazy Yiuf misses you.
There is an open translucent door here.
Your hands begin to glow red.
You hit Crazy Yiuf but do no damage.
Crazy Yiuf appears confused.
Crazy Yiuf completely misses you.
You hit Crazy Yiuf. You hit Crazy Yiuf but do no damage. You hit Crazy Yiuf.
Crazy Yiuf counts something out on his fingers.
Crazy Yiuf hits you with a +3 quarterstaff of chaos!
Ouch! That really hurt!
You die...

#######.#
#.# #.# #.#
#.# #.#
##### #.#
#..)# ###.#
#.g.#
#####...#
#.@.#
........###
##'##
###.......##
##.#
#........#
#.##
#.......##
##.#
###...##.#
#.##
#......#
##.##
#..###.#
#...## #..#
### #..#.#


You could see Crazy Yiuf (confused).

Vanquished Creatures
  An adder (D:2)
  A ribbon worm (D:2)
  4 ball pythons
  4 endoplasms
  3 giant cockroaches
  3 goblins (D:1)
  5 hobgoblins
  A kobold (D:1)
  3 quokkas
  2 bats (D:1)
  2 frilled lizards (D:1)
  4 rats
33 creatures vanquished.

Notes
Turn   | Place    | Note
-------+----------+-------------------------------------------
     0 | D:1      | James the Spriggan Enchanter began the quest for the Orb.
     0 | D:1      | Reached XP level 1. HP: 9/9 MP: 5/5
   106 | D:1      | Reached XP level 2. HP: 13/14 MP: 6/6
   161 | D:1      | Noticed an eye of devastation
   163 | D:1      | Found a faded altar of an unknown god.
   165 | D:1      | Noticed an eye of devastation
   239 | D:1      | Learned a level 2 spell: Ensorcelled Hibernation
   525 | D:1      | Noticed a golden eye
   533 | D:1      | Noticed a shining eye
   735 | D:2      | Reached XP level 3. HP: 13/17 MP: 5/8
   854 | D:2      | Learned a level 3 spell: Confusing Touch
   858 | D:2      | Learned a level 3 spell: Tukima's Dance
   992 | D:2      | Found a runed translucent door.
   993 | D:2      | Noticed Crazy Yiuf
  1462 | D:2      | Slain by Crazy Yiuf

Illustrated notes

Levels and vault maps discovered:
D:1:      dpeg_arrival_line_fractal, layout_loops_ring,
          hellmonk_ecumenical_altar_watching_god, minivault_26
D:2:      layout_loops_ring, minmay_tree_intersection, uniq_crazy_yiuf_cottage

Skill      XL: |  1  2  3 |
---------------+----------+-----
Dodging        | 3 |  3.0
Spellcasting   | 3 |  3.0
Short Blades   | 2 |  2.2
Fighting       | |  0.9
Stealth        | |  4.8
Hexes          | |  3.9
Ice Magic      | |  0.4

Action                     || total
---------------------------++-------
  Melee: Dagger            ||   101
         Punch             ||     1
   Cast: Ensorcelled Hiber ||     6
         Confusing Touch   ||     1
   Stab: Sleeping          ||    13
 Armour: Robe              ||    23
  Dodge: Dodged            ||    55

Table legend: (Time is in decaauts)
 A = Elapsed time spent in this place.
 B = Non-inter-level travel time spent in this place.
 C = Inter-level travel time spent in this place.
 D = Time resting spent in this place.
 E = Time spent auto-exploring this place.
 F = Levels seen in this place.
 G = Mean time per level.
                   A        B        C        D        E       F      G
               +--------+--------+--------+--------+--------+-----+--------+
         Total |    994 |    967 |     27 |     67 |    604 |   2 |  497.0 |
       Dungeon |    994 |    967 |     27 |     67 |    604 |   2 |  497.0 |
               +--------+--------+--------+--------+--------+-----+--------+

Top non-repeatable levels by time:
     D:2: 503 daAuts
     D:1: 491 daAuts
